 Dungeon Crawl Stone Soup version 0.29.1-1-gd02db6906a (webtiles) character file.

Game seed: 3325297872507089713

5 raph the Digger (level 1, 0/10 HPs)
             Began as a Gargoyle Earth Elementalist on Oct 16, 2022.
             Slain by a bat (1 damage)
             ... on level 1 of the Dungeon.
             The game lasted 00:00:30 (82 turns).

raph the Digger (Gargoyle Earth Elementalist)         Turns: 82, Time: 00:00:31

Health: 0/10       AC:  4    Str: 11    XL:     1   Next: 80%
Magic:  0/3        EV: 11    Int: 15    God:
Gold:   0          SH:  0    Dex: 10    Spells: 3/4 levels left

rFire   . . .      SeeInvis .   (no weapon)
rCold   . . .      Faith    .   (no shield)
rNeg    + . .      Spirit   .   a - +0 robe
rPois   ∞          Reflect  .   (no helmet)
rElec   +          Harm     .   (no cloak)
rCorr   .          Rampage  .   (no gloves)
Will    .....                   (no boots)
Stlth   ++........              (no amulet)
HPRegen 0.03/turn               (no ring)
MPRegen 0.08/turn               (no ring)

@: no status effects
A: sickness immunity, AC +2, negative energy resistance 1, electricity
resistance, torment resistance 1, petrification resistance
a: no special abilities


You were on level 1 of the Dungeon.
You visited 1 branch of the dungeon, and saw 1 of its levels.

Inventory:

Armour
 a - a +0 robe (worn)
Potions
 b - a potion of magic


   Skills:
 - Level 1.5 Dodging
 - Level 2.1 Stealth
 - Level 2.0 Spellcasting
 - Level 0.7 Transmutations
 + Level 4.1 Earth Magic


You had 3 spell levels left.
You knew the following spells:

 Your Spells              Type           Power      Damage    Failure   Level
a - Sandblast             Erth           26%        2d8       4%          1

Your spell library contained the following spells:

 Spells                   Type           Power      Damage    Failure   Level
 Passwall                 Tmut/Erth      6%         N/A       12%         2
 Stone Arrow              Conj/Erth      14%        3d7       28%         3
 Petrify                  Tmut/Erth      8%         N/A       63%         4


Dungeon Overview and Level Annotations

Branches:
Dungeon (1/15)

Altars:


Innate Abilities, Weirdness & Mutations

You are immune to sickness and miasma.
Your stone body is resilient. (AC +2)
You are immune to poison.
You resist negative energy. (rN+)
You are resistant to electric shocks. (rElec)
You are resistant to unholy torment.
You are immune to petrification.


Message History

You kill the jackal!
Your Earth Magic skill increases to level 4!
There is a staircase leading out of the dungeon here.
The endoplasm attacks as you move away! The endoplasm closely misses you.
The endoplasm attacks as you move away!
The endoplasm hits you but does no damage.
The endoplasm attacks as you move away!
The endoplasm hits you but does no damage.
The endoplasm attacks as you move away! The endoplasm misses you.
Aiming: Sandblast (safe; 4% risk of failure)
Press: ? - help, Q - select action Shift-Dir - straight line, f - endoplasm
Aim: an endoplasm (severely wounded, 98% to hit)
The blast of sand hits the endoplasm.
You kill the endoplasm!
You start resting.
A dart slug is nearby!
You don't have enough magic to cast this spell.
A bat comes into view.
The bat hits you but does no damage. The bat hits you.
* * * LOW HITPOINT WARNING * * *
Aiming: Sandblast (safe; 4% risk of failure)
Press: ? - help, Q - select action Shift-Dir - straight line, f - bat
Aim: a bat (73% to hit)
The blast of sand misses the bat.
The bat barely misses you. The bat completely misses you.
The bat completely misses you. The bat closely misses you.
Aiming: Sandblast (safe; 4% risk of failure)
Press: ? - help, Q - select action Shift-Dir - straight line, f - dart slug, p - bat
Aim: a dart slug (100% to hit)
The blast of sand hits the dart slug!
The dart slug is almost dead.
The bat hits you but does no damage. x2
The dart slug launches a dart at you. The slug dart hits you.
* * * LOW HITPOINT WARNING * * *
The bat closely misses you. The bat hits you.
You die...

#.. #.# ## ##.#
... ..# #
....###.#####.#
............#.##
................
.......@b...#
............#
....#####w###
#+# #...# ##..#
######..#
##.......#
#.......##
#.w######


You could see a dart slug and a bat.

Vanquished Creatures
  An endoplasm (D:1)
  2 jackals (D:1)
  A bat (D:1)
  A kobold (D:1)
5 creatures vanquished.

Notes
Turn   | Place    | Note
-------+----------+-------------------------------------------
     0 | D:1      | raph the Gargoyle Earth Elementalist began the quest for
                  | the Orb.
     0 | D:1      | Reached XP level 1. HP: 10/10 MP: 3/3
    43 | D:1      | Reached skill level 4 in Earth Magic
    82 | D:1      | Slain by a bat

Illustrated notes

Levels and vault maps discovered:
D:1:      minmay_arrival_wavy_path, layout_basic, serial_shops,
          nicolae_shop_trees

Skill      XL: |  1 |
---------------+----+-----
Earth Magic    | 4 |  4.1
Dodging        | |  1.5
Stealth        | |  2.1
Spellcasting   | |  2.0
Transmutations | |  0.7

Action                   || total
-------------------------++-------
Melee: Unarmed           ||     6
 Cast: Sandblast         ||     8
Armor: Robe              ||     7
Dodge: Dodged            ||    16
